[Event "Titled Tuesday Blitz November 16 2021"]
[White "Holt, Conrad"]
[Black "Yanchenko, Roman"]
[WhiteFideId "2034387"]
[BlackFideId "4137329"]
[WhiteElo "2586"]
[BlackElo "2514"]
[Result "0-1"]
[Round "06"]
[TimeControl "180+1"]
[Date "2021.11.16"]
[WhiteClock "0:00:08"]
[BlackClock "0:00:26"]

1. d4 d5 2. c4 c6 3. Nc3 Nf6 4. e3 g6 5. Be2 Bg7 6. Nf3 O-O 7. O-O a6 8. b3 Bg4 9. Bb2 e6 10. h3 Bxf3 11. Bxf3 Nbd7 12. a4 Rc8 13. a5 Re8 14. Qb1 h6 15. Rd1 Qc7 16. Qa2 dxc4 17. bxc4 e5 18. Qb3 exd4 19. exd4 Nh7 20. h4 Rb8 21. c5 Qf4 22. h5 Ng5 23. Rd3 gxh5 24. Ne2 Qf5 25. Bxh5 Nf6 26. Ng3 Qd5 27. Qxd5 Nxd5 28. Nf5 Nf4 29. Nxg7 Kxg7 30. d5+ Kg8 31. Rd4 Nxh5 32. Rh4 Re2 33. Rb1 Ng7 34. Bxg7 Kxg7 35. dxc6 Rc2 36. Rxb7 Rc8 37. f4 Ne4 38. Rg4+ Kf6 39. Rh4 Rxc5 40. Rxh6+ Kg7 41. Rh4 R8xc6 42. Rg4+ Kf6 43. Rh4 Nd6 44. Ra7 Rxa5 45. Rh6+ Kg7 46. Rh3 Ra1+ 47. Kh2 Rcc1 48. Rg3+ Kf6 49. Rg5 Ne4 0-1


[Site "https://www.chess.com"]

[Event "Titled Tuesday Blitz November 16 2021"]
[White "Horvath, Dominik"]
[Black "Tsydypov, Zhamsaran"]
[WhiteFideId "1642561"]
[BlackFideId "4108566"]
[WhiteElo "2336"]
[BlackElo "2614"]
[Result "0-1"]
[Round "06"]
[TimeControl "180+1"]
[Date "2021.11.16"]
[WhiteClock "0:00:08"]
[BlackClock "0:01:18"]

1. e4 e5 2. Nf3 Nc6 3. Nc3 Nf6 4. a4 Bb4 5. Bd3 O-O 6. Nd5 Bc5 7. O-O d6 8. c3 a5 9. Bc2 Nxd5 10. exd5 Ne7 11. d4 exd4 12. Nxd4 Nxd5 13. Nb3 c6 14. Nxc5 dxc5 15. Re1 Be6 16. Qf3 Re8 17. g3 Qd7 18. Re4 Nf6 19. Re3 Bd5 20. Qf4 Ng4 21. Rxe8+ Rxe8 22. Bd2 Ne5 23. Bd1 Nd3 24. Qg5 Qe6 25. Bg4 Qe4 26. f3 Qe2 27. c4 Qf2+ 28. Kh1 Bxf3+ 29. Bxf3 Qxf3+ 30. Kg1 Nf2 0-1


[Site "https://www.chess.com"]

[Event "Titled Tuesday Blitz November 16 2021"]
[White "Ibrahimli, Murad"]
[Black "Tarigan, Gilbert Elroy"]
[WhiteFideId "13410229"]
[BlackFideId "7108133"]
[WhiteElo "2109"]
[BlackElo "1908"]
[Result "1-0"]
[Round "06"]
[TimeControl "180+1"]
[Date "2021.11.16"]
[WhiteClock "0:00:09"]
[BlackClock "0:00:02"]

1. d4 Nf6 2. c4 g6 3. Nc3 Bg7 4. e4 d6 5. Nf3 O-O 6. Be2 e5 7. Be3 exd4 8. Nxd4 Re8 9. Qc2 Nc6 10. Nxc6 bxc6 11. Rd1 Ng4 12. Bxg4 Bxg4 13. f3 Be6 14. b3 Qh4+ 15. Bf2 Qh5 16. Ne2 Qa5+ 17. Kf1 Qb4 18. Bd4 Bh6 19. Bc3 Qb6 20. Ba1 Bg7 21. Bxg7 Kxg7 22. Qc3+ f6 23. h4 a5 24. a4 Rab8 25. Rd3 Qb4 26. Qc2 f5 27. exf5 Bxf5 28. Qb2+ Kg8 29. Rc3 Qc5 30. Qd2 h5 31. Nd4 Bd7 32. g3 Qe5 33. Kg2 c5 34. Nb5 Bxb5 35. axb5 Ra8 36. Ra1 Qf6 37. Kf2 Rf8 38. Re1 Rfe8 39. Rce3 Rxe3 40. Rxe3 a4 41. Qd5+ Kg7 42. Qxa8 Qb2+ 43. Re2 Qd4+ 44. Kg2 axb3 45. Re7+ Kf6 46. Qf8# 1-0


[Site "https://www.chess.com"]

[Event "Titled Tuesday Blitz November 16 2021"]
[White "Khanin, Semen"]
[Black "Aloma Vidal, Robert"]
[WhiteFideId "4111990"]
[BlackFideId "2260409"]
[WhiteElo "2442"]
[BlackElo "2435"]
[Result "0-1"]
[Round "06"]
[TimeControl "180+1"]
[Date "2021.11.16"]
[WhiteClock "0:00:01"]
[BlackClock "0:01:13"]

1. c4 c6 2. g3 d5 3. Bg2 Bf5 4. Nf3 e6 5. b3 h6 6. Bb2 Nf6 7. O-O Nbd7 8. d3 Be7 9. Nbd2 O-O 10. Re1 Bh7 11. Qc2 a5 12. a3 b5 13. Rad1 a4 14. cxb5 axb3 15. Nxb3 cxb5 16. Nfd4 Bxa3 17. Bxa3 Rxa3 18. Nxb5 Ra6 19. e4 Qb8 20. N3d4 Rc8 21. Qb2 Rb6 22. Rb1 Nc5 23. Qa3 e5 24. Rec1 exd4 25. Rxc5 dxe4 26. Rxc8+ Qxc8 27. Rc1 Qb8 28. Na7 Rb1 29. dxe4 Bxe4 30. Bxe4 Nxe4 31. Nc6 Rxc1+ 32. Qxc1 Qb7 33. Ne5 Nc3 34. Kf1 Qh1# 0-1


[Site "https://www.chess.com"]

[Event "Titled Tuesday Blitz November 16 2021"]
[White "Le, Tuan Minh"]
[Black "Sarana, Alexey"]
[WhiteFideId "12401153"]
[BlackFideId "24133795"]
[WhiteElo "2450"]
[BlackElo "2689"]
[Result "0-1"]
[Round "06"]
[TimeControl "180+1"]
[Date "2021.11.16"]
[WhiteClock "0:00:03"]
[BlackClock "0:00:35"]

1. d4 Nf6 2. Nf3 d5 3. Bf4 c5 4. c3 Nc6 5. e3 Qb6 6. Qc2 g6 7. Nbd2 Bg7 8. Be2 O-O 9. O-O cxd4 10. exd4 Bf5 11. Qb3 Nd7 12. Rfe1 Qxb3 13. axb3 Rfe8 14. Bb5 a6 15. Bxc6 bxc6 16. b4 f6 17. Nb3 e5 18. Bg3 Bd3 19. Na5 e4 20. Nd2 Re6 21. Ndb3 g5 22. Nb7 Bf8 23. N3c5 Nxc5 24. bxc5 Kf7 25. b4 Kg6 26. Bd6 Bg7 27. Rad1 Bb5 28. Re3 Ra7 29. Na5 h5 30. Rde1 Bh6 31. f3 f5 32. fxe4 fxe4 33. c4 dxc4 34. Be5 g4 35. Rxe4 c3 36. Nb3 Rf7 37. g3 Bc4 38. Na1 Bd3 39. Rf4 Bxf4 40. gxf4 Rxf4 41. Rc1 Rf3 42. Rxc3 h4 43. Nb3 Be4 44. Rxf3 Bxf3 45. Nd2 Bd5 46. Nf1 Kf5 47. Ne3+ Ke4 48. Nxg4 Rg6 49. h3 Be6 50. Kh2 Bxg4 51. hxg4 Rxg4 52. Kh3 Rg5 53. Bf6 Rf5 54. Bg7 Rd5 55. Kxh4 Rxd4 0-1


[Site "https://www.chess.com"]

[Event "Titled Tuesday Blitz November 16 2021"]
[White "Leitao, Rafael"]
[Black "Svane, Frederik"]
[WhiteFideId "2101246"]
[BlackFideId "12923044"]
[WhiteElo "2609"]
[BlackElo "2459"]
[Result "0-1"]
[Round "06"]
[TimeControl "180+1"]
[Date "2021.11.16"]
[WhiteClock "0:00:02"]
[BlackClock "0:00:03"]

1. c4 e6 2. g3 Nf6 3. Bg2 d5 4. Nf3 d4 5. O-O Be7 6. b4 O-O 7. Bb2 c5 8. d3 Nc6 9. bxc5 e5 10. Nbd2 Nd7 11. Ne4 Nxc5 12. Nxc5 Bxc5 13. Nd2 Bg4 14. h3 Be6 15. Nb3 Be7 16. f4 exf4 17. gxf4 Qd7 18. Kh2 a5 19. Bxc6 bxc6 20. Nxd4 Bxh3 21. Rf3 Bg4 22. Rg3 Bf6 23. Qg1 h5 24. Rb1 Rab8 25. Nb3 Bxb2 26. Rxb2 Qd6 27. Rd2 Qxf4 28. Qd4 Qg5 29. Qc5 Qf4 30. Qe3 Qf6 31. Kg2 Rfe8 32. Qf2 Qd6 33. Nc5 Rb1 34. d4 Qe7 35. Nd3 Qe4+ 36. Rf3 Bxf3+ 37. exf3 Qg6+ 38. Kh2 Qd6+ 39. f4 Qg6 40. Ne5 Qf5 41. Qg3 g6 42. Rg2 Reb8 43. Nf3 R8b2 44. Nh4 Rxg2+ 45. Nxg2 Qc2 46. f5 Qxf5 47. Qd6 Qf1 48. Qxc6 Rb2 49. Qc8+ Kg7 50. Qh3 Qf4+ 51. Kh1 Rb1+ 0-1


[Site "https://www.chess.com"]

[Event "Titled Tuesday Blitz November 16 2021"]
[White "Leiva, Gianmarco"]
[Black "Stoyanov, Tsvetan"]
[WhiteFideId "3804399"]
[BlackFideId "2917173"]
[WhiteElo "2318"]
[BlackElo "2191"]
[Result "0-1"]
[Round "06"]
[TimeControl "180+1"]
[Date "2021.11.16"]
[WhiteClock "0:00:57"]
[BlackClock "0:01:18"]

1. e4 c5 2. Nf3 d6 3. Bb5+ Bd7 4. Bxd7+ Nxd7 5. c3 Ngf6 6. Qe2 g6 7. d4 Bg7 8. O-O e5 9. dxe5 dxe5 10. Bg5 O-O 11. Na3 h6 12. Bxf6 Bxf6 13. Nc4 Qc7 14. Rfd1 Rfd8 15. Rd5 Nb6 16. Nxb6 axb6 17. Rxd8+ Rxd8 18. Rd1 Rxd1+ 19. Qxd1 Qc6 20. Nd2 Bg5 21. Nc4 Qxe4 22. Nxb6 Kg7 23. b3 h5 24. Nd5 Bd2 25. g3 Qxd5 26. b4 cxb4 27. cxb4 Qd4 28. a3 Bc3 29. Qf3 e4 30. Qe2 Qd3 31. Kf1 Qxe2+ 32. Kxe2 Bd4 33. f3 f5 34. fxe4 fxe4 35. a4 Kf6 36. a5 Ke5 37. b5 Kd5 38. a6 bxa6 39. bxa6 Kc6 40. h3 Kb6 41. g4 Kxa6 42. gxh5 gxh5 0-1


[Site "https://www.chess.com"]

[Event "Titled Tuesday Blitz November 16 2021"]
[White "Ozen, Bahadir"]
[Black "Tologon tegin, Semetei"]
[WhiteFideId "6337058"]
[BlackFideId "13800574"]
[WhiteElo "2503"]
[BlackElo "2224"]
[Result "1/2-1/2"]
[Round "06"]
[TimeControl "180+1"]
[Date "2021.11.16"]
[WhiteClock "0:00:50"]
[BlackClock "0:01:25"]

1. d4 Nf6 2. Nf3 g6 3. e3 Bg7 4. Be2 b6 5. O-O Bb7 6. b3 O-O 7. Bb2 c5 8. c4 cxd4 9. Nxd4 d5 10. Na3 Nc6 11. Nxc6 Bxc6 12. Rc1 Bb7 13. Bf3 e6 14. Qe2 Rc8 15. Rfd1 Qe7 16. Nb5 Rfd8 17. Nxa7 Ra8 18. Nb5 dxc4 19. Rxd8+ Rxd8 20. Bxb7 Qxb7 21. Rxc4 Ne4 22. Bxg7 Kxg7 23. Rd4 Rxd4 24. Nxd4 e5 25. Nf3 Qd5 26. h3 f6 27. Qc2 h5 28. Qc7+ Kh6 29. Qb8 Kg7 30. Qc7+ Kh6 31. Qc8 Kg7 32. Qc7+ 1/2-1/2


[Site "https://www.chess.com"]

[Event "Titled Tuesday Blitz November 16 2021"]
[White "Remizov, Yaroslav"]
[Black "Alavkin, Arseny"]
[WhiteFideId "34134015"]
[BlackFideId "4120612"]
[WhiteElo "2325"]
[BlackElo "2391"]
[Result "0-1"]
[Round "06"]
[TimeControl "180+1"]
[Date "2021.11.16"]
[WhiteClock "0:00:01"]
[BlackClock "0:00:40"]

1. Nc3 c5 2. Nf3 Nc6 3. d4 cxd4 4. Nxd4 g6 5. g3 Bg7 6. Nb3 Nf6 7. Bg2 O-O 8. O-O d6 9. Bg5 Bd7 10. Qd2 Re8 11. Rad1 Rc8 12. Bh6 Bh8 13. a3 a6 14. f4 Qb6+ 15. e3 Ng4 16. Nd5 Qa7 17. Bg5 e6 18. h3 exd5 19. hxg4 Bxg4 20. Rde1 d4 21. e4 d3+ 22. Kh2 dxc2 23. Qxc2 Na5 24. Qd3 Nxb3 25. Qxb3 Qd4 26. e5 Be6 27. Qxb7 dxe5 28. f5 gxf5 29. Be3 Qc4 30. Rc1 Qb5 31. Rxc8 Rxc8 32. Qf3 e4 33. Qh5 Qxb2 34. Qg5+ Bg7 35. Rd1 Qf6 36. Qf4 h6 37. Kg1 Kh7 38. Bd4 Qg5 39. Qd6 Rd8 40. Qxd8 0-1


[Site "https://www.chess.com"]

[Event "Titled Tuesday Blitz November 16 2021"]
[White "Rozman, Levy"]
[Black "Yoo, Christopher Woojin"]
[WhiteFideId "2039877"]
[BlackFideId "30909694"]
[WhiteElo "2376"]
[BlackElo "2105"]
[Result "0-1"]
[Round "06"]
[TimeControl "180+1"]
[Date "2021.11.16"]
[WhiteClock "0:00:01"]
[BlackClock "0:00:10"]

1. d4 Nf6 2. c4 e6 3. Nc3 Bb4 4. a3 Bxc3+ 5. bxc3 O-O 6. f3 Nh5 7. Nh3 f5 8. e4 d6 9. Be2 fxe4 10. Bg5 Nf6 11. fxe4 h6 12. Bh4 e5 13. Nf2 Nc6 14. O-O Qe8 15. d5 Ne7 16. Bf3 b6 17. Bxf6 Rxf6 18. Bg4 Qf7 19. Qe2 Ng6 20. g3 Bd7 21. Bxd7 Qxd7 22. Ng4 Rxf1+ 23. Rxf1 Rf8 24. Ne3 Rxf1+ 25. Qxf1 Nf8 26. h4 Nh7 27. Kg2 Nf6 28. Qf3 Qa4 29. g4 Qe8 30. Qf5 Nd7 31. Kg3 g6 32. Qf3 Qe7 33. h5 gxh5 34. gxh5 Qg5+ 35. Kh3 Nf6 36. Nf5 Nxh5 37. Qg4 Nf4+ 38. Kg3 Ne2+ 39. Kh3 Qxg4+ 40. Kxg4 Kh7 41. Kf3 Nxc3 42. Ne7 Nb1 43. a4 Nc3 44. Nc6 a5 45. Nd8 Nxa4 46. Ne6 Nb2 0-1


[Site "https://www.chess.com"]

[Event "Titled Tuesday Blitz November 16 2021"]
[White "Samadov, Read"]
[Black "Baskin, Robert"]
[WhiteFideId "13417444"]
[BlackFideId "24662402"]
[WhiteElo "2084"]
[BlackElo "2488"]
[Result "0-1"]
[Round "06"]
[TimeControl "180+1"]
[Date "2021.11.16"]
[WhiteClock "0:00:02"]
[BlackClock "0:00:15"]

1. d4 Nf6 2. c4 g6 3. Nc3 d5 4. cxd5 Nxd5 5. e4 Nxc3 6. bxc3 Bg7 7. Bc4 c5 8. Ne2 Nc6 9. Be3 O-O 10. O-O b6 11. Rc1 Bb7 12. Qd2 cxd4 13. cxd4 e6 14. Rfd1 Rc8 15. Bg5 Qd7 16. h4 h5 17. Bh6 Na5 18. Bd3 Rxc1 19. Rxc1 Rc8 20. Bxg7 Kxg7 21. Rxc8 Qxc8 22. Qf4 Ba6 23. Bxa6 Qxa6 24. Qe5+ Kg8 25. Nf4 Qc4 26. d5 exd5 27. Nxd5 Nc6 28. Qf6 Nd4 29. Kh2 Ne2 30. Qd8+ Kg7 31. Qf6+ Kg8 32. Qe5 Qd4 33. Qe8+ Kg7 34. Qb5 Qxf2 35. Qb2+ f6 36. Qa1 Qxh4# 0-1


[Site "https://www.chess.com"]

[Event "Titled Tuesday Blitz November 16 2021"]
[White "Saydaliev, Saidakbar"]
[Black "Sasikiran, Krishnan"]
[WhiteFideId "14203693"]
[BlackFideId "5004985"]
[WhiteElo "2335"]
[BlackElo "2552"]
[Result "1-0"]
[Round "06"]
[TimeControl "180+1"]
[Date "2021.11.16"]
[WhiteClock "0:01:08"]
[BlackClock "0:01:15"]

1. e4 c6 2. Nc3 d5 3. Nf3 Bg4 4. h3 Bxf3 5. Qxf3 e6 6. Be2 Nd7 7. Qg3 g6 8. d4 Bg7 9. Be3 Ne7 10. O-O-O O-O 11. h4 dxe4 12. Nxe4 Nf5 13. Qf3 Qa5 14. Kb1 Nxe3 15. fxe3 c5 16. h5 cxd4 17. exd4 Rac8 18. hxg6 hxg6 19. Qh3 Rfd8 20. Rdf1 Rxc2 21. Qh7+ Kf8 22. Rxf7+ Kxf7 23. Rf1+ Nf6 24. Rxf6+ Ke8 25. Qxg6+ Kd7 26. Qxg7+ Kc8 27. Kxc2 Qa4+ 28. Kc1 Qxd4 29. Qg4 Kb8 30. Rf1 Qa4 31. Nc3 1-0


[Site "https://www.chess.com"]

[Event "Titled Tuesday Blitz November 16 2021"]
[White "Shubin, Kirill"]
[Black "Sieciechowicz, Marcin"]
[WhiteFideId "34119962"]
[BlackFideId "1130170"]
[WhiteElo "2501"]
[BlackElo "2295"]
[Result "1-0"]
[Round "06"]
[TimeControl "180+1"]
[Date "2021.11.16"]
[WhiteClock "0:00:21"]
[BlackClock "0:00:01"]

1. e4 e6 2. d4 d5 3. Nc3 Nf6 4. Bg5 Bb4 5. e5 h6 6. Be3 Ne4 7. Qg4 g6 8. a3 Bxc3+ 9. bxc3 c5 10. Bd3 h5 11. Qf4 g5 12. Qf3 Nxc3 13. dxc5 Nc6 14. Qg3 Ne4 15. Bxe4 dxe4 16. Bxg5 Qa5+ 17. c3 h4 18. Qe3 Nxe5 19. Rd1 Rg8 20. Rd8+ Qxd8 21. Bxd8 Kxd8 22. Qd4+ Nd7 23. Nh3 Rxg2 24. Ke2 a5 25. Qh8+ Kc7 26. Qxh4 Ra6 27. Qf4+ e5 28. Qxe4 Rgg6 29. Rd1 Rac6 30. Rd6 Rxc5 31. Rxg6 fxg6 32. Ng5 Rxc3 33. Qd5 Rc6 34. Qxa5+ Kb8 35. Ne4 b6 36. Qd5 Kc7 37. Ng5 Bb7 38. Qg8 Rf6 39. Qg7 Rc6 40. h4 Rd6 41. Nf7 Re6 42. Qg8 Be4 43. Qd8+ 1-0


[Site "https://www.chess.com"]

[Event "Titled Tuesday Blitz November 16 2021"]
[White "Stribuk, Artiom"]
[Black "Pour Agha Bala, Amirreza"]
[WhiteFideId "13515659"]
[BlackFideId "12572896"]
[WhiteElo "2224"]
[BlackElo "2313"]
[Result "0-1"]
[Round "06"]
[TimeControl "180+1"]
[Date "2021.11.16"]
[WhiteClock "0:00:03"]
[BlackClock "0:01:03"]

1. d4 d5 2. c4 c6 3. Nf3 Nf6 4. e3 Bg4 5. Qb3 Qb6 6. cxd5 Bxf3 7. gxf3 Nxd5 8. Nc3 e6 9. Bd2 Qxb3 10. axb3 Nd7 11. Rg1 g6 12. Bd3 Bg7 13. Ke2 O-O 14. Nxd5 exd5 15. h4 h5 16. f4 Rfe8 17. f5 gxf5 18. Rg5 Nf8 19. Rag1 Ne6 20. Bxf5 Nxg5 21. Rxg5 Rad8 22. Bb4 b6 23. Kd3 a5 24. Ba3 f6 25. Rxh5 Kf7 26. Rh7 Rh8 27. Rxh8 Rxh8 28. Bd7 Rxh4 29. Bxc6 Ke6 30. b4 axb4 31. Bxb4 Rh2 32. Ke2 f5 33. Bb7 f4 34. Bc8+ Kf6 35. Bd6 Rh8 36. Be5+ Kg6 37. Bb7 Bxe5 38. dxe5 Kf5 39. Bxd5 Kxe5 40. Bb7 fxe3 41. Kxe3 Rh3+ 42. f3 Rh2 43. f4+ Kd6 44. b4 Rb2 45. Ke4 Rxb4+ 46. Kf5 Ke7 47. Ke5 Rb5+ 48. Bd5 Rc5 49. f5 b5 50. f6+ Kf8 51. Kd4 Rc1 52. Be6 b4 53. Kd3 Rc3+ 54. Kd4 Rf3 55. f7 b3 0-1


[Site "https://www.chess.com"]

[Event "Titled Tuesday Blitz November 16 2021"]
[White "Svidler, Peter"]
[Black "Sjugirov, Sanan"]
[WhiteFideId "4102142"]
[BlackFideId "4189302"]
[WhiteElo "2709"]
[BlackElo "2653"]
[Result "0-1"]
[Round "06"]
[TimeControl "180+1"]
[Date "2021.11.16"]
[WhiteClock "0:00:15"]
[BlackClock "0:00:09"]

1. e4 c6 2. d4 d5 3. e5 Bf5 4. Nd2 e6 5. Nb3 Nd7 6. Nf3 a6 7. Be2 Rc8 8. O-O c5 9. Re1 c4 10. Nbd2 c3 11. bxc3 Rxc3 12. Bd3 Bxd3 13. cxd3 Ne7 14. Rb1 Qc7 15. Nb3 b6 16. Ba3 Nf5 17. Bxf8 Rxf8 18. Qd2 Rc6 19. Rec1 Ne7 20. h4 h6 21. h5 Nb8 22. Qb4 Kd7 23. Rxc6 Nbxc6 24. Qa3 Ra8 25. Nc1 a5 26. Ne2 Nb4 27. Rc1 Qb7 28. Qb3 Rc8 29. Rxc8 Qxc8 30. Nc3 Qa6 31. Qa4+ Nec6 32. Nb5 Nxd3 33. Qb3 Ndb4 34. a4 Ne7 35. Qe3 Qc8 36. Qf4 Qf8 37. Nd6 Nc8 38. g3 Nc6 39. Nxf7 Ke7 40. Nd6 Qxf4 41. Nxc8+ Kd8 42. gxf4 Kxc8 43. Kf1 Ne7 44. Nh4 b5 45. Ke2 b4 46. Kd3 Kd7 47. f5 Nxf5 48. Ng2 Ne7 49. Nf4 Nc8 50. Ne2 Nb6 51. Nc1 Nxa4 52. Nb3 Nb2+ 53. Kc2 Nc4 54. Nc5+ Ke7 55. Kb3 Nd2+ 56. Ka4 Ne4 57. Nb3 Nxf2 58. Kxa5 Nd3 59. Kb5 Nf4 60. Kxb4 Nxh5 61. Nc5 Nf4 62. Kc3 h5 63. Kd2 h4 64. Ke3 h3 0-1


[Site "https://www.chess.com"]

[Event "Titled Tuesday Blitz November 16 2021"]
[White "Tabatabaei, M. Amin"]
[Black "Erdogmus, Yagiz Kaan"]
[WhiteFideId "12521213"]
[BlackFideId "44599790"]
[WhiteElo "2555"]
[BlackElo "1783"]
[Result "1-0"]
[Round "06"]
[TimeControl "180+1"]
[Date "2021.11.16"]
[WhiteClock "0:00:07"]
[BlackClock "0:00:01"]

1. e4 c5 2. Nf3 e6 3. g3 Nc6 4. Bg2 Nf6 5. Qe2 e5 6. O-O Be7 7. Nc3 O-O 8. Nd5 d6 9. Nxe7+ Qxe7 10. c3 Be6 11. Rd1 c4 12. d4 cxd3 13. Qxd3 d5 14. Bg5 dxe4 15. Bxf6 Qxf6 16. Qxe4 Rfd8 17. Qe3 Bd5 18. Re1 Re8 19. Rad1 Bxa2 20. b4 Bc4 21. Nd2 Ba6 22. Ne4 Qe7 23. Nc5 Rac8 24. Rd7 Qf6 25. Red1 Nb8 26. R7d6 Red8 27. Qxe5 Rxd6 28. Qxd6 Qxd6 29. Rxd6 g6 30. Bd5 Kf8 31. Rf6 Rc7 32. Ne6+ Ke7 33. Rxf7+ Kxf7 34. Nxc7+ Ke7 35. b5 Kd6 36. bxa6 bxa6 37. Bg8 Kxc7 38. Bxh7 g5 39. h4 gxh4 40. gxh4 Nd7 41. h5 Nf6 42. Bg6 Ng8 43. Kf1 Kd6 44. Ke2 Ke5 45. Kd3 Kf6 46. c4 Ke5 47. Bf7 Nh6 48. Be8 a5 49. Kc3 Kd6 50. Kd4 Kc7 51. c5 Kd8 52. Bg6 Kc7 53. Kd5 a4 54. Bc2 a3 55. Bb3 Ng4 56. Ke6 Kc6 57. Kf5 Nxf2 58. h6 Kxc5 59. h7 Kb4 60. Ba2 Nd3 61. h8=Q Nc1 62. Qg8 Kc3 63. Qg7+ Kc2 64. Qa1 Nd3 65. Bd5 Kd2 66. Qxa3 Ne1 67. Be4 Ke2 68. Qxa7 Kf1 69. Qa2 Kg1 70. Kf4 1-0


[Site "https://www.chess.com"]

[Event "Titled Tuesday Blitz November 16 2021"]
[White "Tari, Aryan"]
[Black "Djordjevic, Vuk"]
[WhiteFideId "1510045"]
[BlackFideId "902098"]
[WhiteElo "2656"]
[BlackElo "2463"]
[Result "0-1"]
[Round "06"]
[TimeControl "180+1"]
[Date "2021.11.16"]
[WhiteClock "0:00:01"]
[BlackClock "0:00:08"]

1. e4 e6 2. b3 d5 3. Bb2 Nf6 4. exd5 exd5 5. Nf3 Bd6 6. Be2 O-O 7. O-O Bg4 8. c4 Nbd7 9. h3 Bh5 10. Nh4 Bxe2 11. Qxe2 Re8 12. Qd1 dxc4 13. bxc4 Ne5 14. Qc2 Nd3 15. Nf5 Bc5 16. Nc3 Re5 17. Ne3 Rg5 18. Ncd5 Nxb2 19. Qxb2 Nxd5 20. cxd5 b6 21. d4 Bd6 22. f4 Rh5 23. Rae1 Qh4 24. Qf2 Qxf2+ 25. Rxf2 Re8 26. g4 Rxh3 27. Rfe2 g6 28. Kg2 Rh4 29. Kg3 g5 30. Nf5 Bxf4+ 31. Kf3 Rh3+ 32. Kg2 Rh2+ 33. Kf3 Rexe2 34. Rxe2 Rxe2 35. Kxe2 Kf8 36. a4 Ke8 37. Kd3 a6 38. Kc4 Kd7 39. Nh6 Ke7 40. Nf5+ Kf6 41. Nh6 Kg6 42. Nf5 h5 43. Ne7+ Kf6 44. d6 cxd6 45. Nd5+ Kg6 46. gxh5+ Kxh5 47. Nxb6 g4 48. Kd3 g3 49. Nd5 Kg4 50. Ke2 f5 51. Nf6+ Kg5 52. Nd5 Kg4 53. Nf6+ Kh3 54. Nd5 g2 55. Nxf4+ Kg3 0-1


[Site "https://www.chess.com"]

[Event "Titled Tuesday Blitz November 16 2021"]
[White "Terry, Renato"]
[Black "vizumatv4hoda"]
[WhiteFideId "3803457"]
[WhiteElo "2577"]
[BlackElo "2766"]
[Result "1/2-1/2"]
[Round "06"]
[TimeControl "180+1"]
[Date "2021.11.16"]
[WhiteClock "0:00:04"]
[BlackClock "0:00:13"]

1. d4 Nf6 2. Bg5 Ne4 3. Bf4 c5 4. f3 Qa5+ 5. c3 Nf6 6. d5 Qb6 7. Bc1 e6 8. e4 exd5 9. exd5 Bd6 10. Na3 O-O 11. Nc4 Re8+ 12. Kf2 Qc7 13. a4 b6 14. Nh3 Bb7 15. Nxd6 Qxd6 16. c4 Qe5 17. Ra3 Na6 18. Re3 Qf5 19. Rxe8+ Rxe8 20. Bd3 Qe5 21. Re1 Qd4+ 22. Kf1 Rxe1+ 23. Kxe1 Qe5+ 24. Qe2 Nb4 25. Nf4 Nxd3+ 26. Nxd3 Qxh2 27. Bf4 Qg1+ 28. Kd2 Qd4 29. b3 Qa1 30. Qe7 h6 31. Kc2 Qf1 32. Ne1 Qf2+ 33. Kd1 Qd4+ 34. Bd2 Qb2 35. Qe3 Ba6 36. g4 Qb1+ 37. Ke2 Nxd5 38. Qe8+ Kh7 39. Qxf7 Nf6 40. Bc3 Qg6 41. Qe7 Bb7 42. Bxf6 Qxf6 43. Qxd7 Bc6 44. Qd3+ Kg8 45. Qe3 a6 46. Nd3 Kh7 47. Ne5 Be8 48. Qe4+ Kg8 49. Ke3 Qd6 50. f4 Kf8 51. Qf5+ Kg8 52. Qe4 Kf8 53. Qa8 Qd4+ 54. Kf3 Qd1+ 55. Kf2 Qc2+ 56. Kg1 Qd1+ 57. Kg2 Qc2+ 58. Kg1 Qc1+ 59. Kf2 Qb2+ 60. Kg1 Qc1+ 61. Kg2 Qd2+ 62. Kg3 Qe3+ 63. Qf3 Qe1+ 64. Kg2 Qd2+ 65. Kg3 Qc1 66. Kg2 Qb2+ 67. Kh3 b5 68. axb5 axb5 69. Qe3 Qb1 70. Qxc5+ Kg8 71. Qd5+ Kh7 72. Qd3+ Qxd3+ 73. Nxd3 bxc4 74. bxc4 Kg6 75. Kg3 Kf6 76. Kf3 Bc6+ 77. Ke3 g6 78. Ne5 Bb7 79. c5 h5 80. g5+ Kf5 81. c6 Ba6 82. c7 h4 83. Kf3 Bb7+ 84. Ke3 h3 85. Kf2 h2 86. c8=Q+ Bxc8 87. Kg2 Kxf4 88. Nxg6+ Kxg5 89. Ne7 Bb7+ 90. Kxh2 1/2-1/2


[Site "https://www.chess.com"]

[Event "Titled Tuesday Blitz November 16 2021"]
[White "Tillyaev, Ulugbek"]
[Black "Pranav, V"]
[WhiteFideId "14202441"]
[BlackFideId "25060783"]
[WhiteElo "2341"]
[BlackElo "2351"]
[Result "0-1"]
[Round "06"]
[TimeControl "180+1"]
[Date "2021.11.16"]
[WhiteClock "0:00:05"]
[BlackClock "0:00:29"]

1. e4 e5 2. Nf3 Nc6 3. Bb5 a6 4. Ba4 Nf6 5. d4 exd4 6. e5 Ne4 7. O-O Nc5 8. Bxc6 dxc6 9. Nxd4 Ne6 10. c3 c5 11. Nf5 Qxd1 12. Rxd1 Bd7 13. Nd2 Nf4 14. Ne3 Bc6 15. Ndc4 b6 16. f3 Ne6 17. Nf5 Rd8 18. Rxd8+ Kxd8 19. Be3 Kc8 20. Rd1 Bb5 21. Na3 Bd7 22. Nc4 Nd8 23. g4 Be6 24. Nd2 Nc6 25. Bf4 h5 26. h3 hxg4 27. hxg4 g6 28. Ng3 Bg7 29. Re1 Re8 30. a3 Bd5 31. c4 Be6 32. Nde4 Nxe5 33. Ng5 Bxc4 34. Kg2 Kd7 35. Bd2 Nd3 36. Rxe8 Kxe8 37. b4 cxb4 38. axb4 Bf8 39. N5e4 Bxb4 40. Nf6+ Ke7 41. Bg5 Ke6 42. Nge4 Nc5 43. Ne8 Nxe4 44. fxe4 Kd7 45. Nf6+ Kc6 46. Kf3 Bc3 47. Ng8 a5 48. Ne7+ Kd7 49. Bf4 Kxe7 50. Bxc7 Bd4 51. e5 Kd7 52. Ke4 Kxc7 53. Kxd4 Be6 0-1


[Site "https://www.chess.com"]

[Event "Titled Tuesday Blitz November 16 2021"]
[White "Triapishko, Alexandr"]
[Black "Sviridov, Valery"]
[WhiteFideId "14122286"]
[BlackFideId "4120680"]
[WhiteElo "2479"]
[BlackElo "2454"]
[Result "0-1"]
[Round "06"]
[TimeControl "180+1"]
[Date "2021.11.16"]
[WhiteClock "0:00:03"]
[BlackClock "0:00:34"]

1. c4 g6 2. g3 Bg7 3. Bg2 c5 4. Nc3 Nf6 5. e3 O-O 6. Nge2 Nc6 7. O-O d6 8. d4 Bf5 9. b3 Qc8 10. Bb2 Bh3 11. Bxh3 Qxh3 12. Nf4 Qc8 13. Ncd5 e6 14. Nxf6+ Bxf6 15. Rb1 cxd4 16. exd4 Ne7 17. Qf3 Bg7 18. Rfd1 Qc7 19. Rbc1 b6 20. a4 Rac8 21. Ba1 Qd7 22. Kg2 Rc7 23. Re1 Rfc8 24. Rcd1 a6 25. h4 h5 26. d5 e5 27. Nd3 f5 28. Nxe5 dxe5 29. d6 Rc6 30. dxe7 Qxe7 31. Qd5+ Kh7 32. Qd7 R8c7 33. Qxe7 Rxe7 34. Rd5 e4 35. Bxg7 Kxg7 36. Red1 e3 37. fxe3 Rxe3 38. R1d3 Rce6 39. Rd7+ Kh6 40. Kf2 R3e4 41. Rb7 f4 42. Rdd7 fxg3+ 43. Kxg3 Rg4+ 44. Kf3 Rxh4 45. Rh7+ Kg5 46. Rhf7 Rh3+ 47. Kg2 Rxb3 48. c5 Rc6 49. cxb6 Rcxb6 50. Rbc7 Rb2+ 51. Kf1 Ra2 52. Rc4 Rb1+ 0-1


[Site "https://www.chess.com"]

[Event "Titled Tuesday Blitz November 16 2021"]
[White "Tsvetkov, Andrey"]
[Black "Nesterov, Arseniy"]
[WhiteFideId "34139360"]
[BlackFideId "24198455"]
[WhiteElo "2280"]
[BlackElo "2489"]
[Result "1-0"]
[Round "06"]
[TimeControl "180+1"]
[Date "2021.11.16"]
[WhiteClock "0:00:20"]
[BlackClock "0:00:07"]

1. d4 d5 2. c4 e6 3. Nc3 c5 4. cxd5 exd5 5. Nf3 Nf6 6. g3 Nc6 7. Bg2 cxd4 8. Nxd4 Bc5 9. Nb3 Bb6 10. O-O d4 11. Na4 O-O 12. Bg5 Re8 13. Nxb6 axb6 14. Bxf6 Qxf6 15. Bxc6 bxc6 16. Qxd4 Qxd4 17. Nxd4 c5 18. Nb5 Rxe2 19. Nc7 Ra7 20. Rad1 g5 21. Rd8+ Kg7 22. Rxc8 Rxb2 23. Ne8+ Kg6 24. Rc6+ Kf5 25. Re1 Kg4 26. Rf6 Ra4 27. f3+ Kh3 28. Rh6+ Rh4 29. gxh4 g4 30. fxg4 Rg2+ 31. Kf1 Rxh2 32. Nf6 Kg3 33. Ne4+ Kxg4 34. Nf2+ Kg3 35. Re3+ Kf4 36. Rf6+ Kxe3 37. Ng4+ 1-0


[Site "https://www.chess.com"]